 Dungeon Crawl Stone Soup version 0.27-a0-1502-g47ed6a6988 (webtiles) character file.

Game seed: 2805197083258523702

2394 quinnr the Zephyrmancer (level 9, -2/49 (50) HPs)
             Began as a Tengu Air Elementalist on July 8, 2021.
             Was a Follower of Sif Muna.
             Killed from afar by an orc wizard (6 damage)
             ... with a puff of flame
             ... on level 7 of the Dungeon.
             The game lasted 00:16:27 (9766 turns).

quinnr the Zephyrmancer (Tengu Air Elementalist)    Turns: 9766, Time: 00:16:27

HP:   -2/49 (50)    AC:  2    Str: 21    XL:     9   Next: 46%
MP:   23/23         EV:  8    Int: 18    God:    Sif Muna [*.....]
Gold: 248           SH:  0    Dex: 10    Spells: 6/14 levels left

rFire    + . .     SeeInvis .   v - +7 trident of the Bear {freeze, rF+ rN+ Str+6 Dex-5}
rCold    . . .     Faith    .   n - +0 buckler
rNeg     + . .     Spirit   .   a - +0 robe
rPois    .         Reflect  .   (helmet restricted)
rElec    .         Harm     .   (no cloak)
rCorr    .         Rampage  .   (no gloves)
Will     .....                  (boots unavailable)
Stlth    ++........             (no amulet)
HPRegen  0.16/turn              m - +6 ring of strength
MPRegen  0.18/turn              u - ring of magical power

@: flying quickly and evasively, held, lightly drained, quick
A: beak, talons 3, nimble flight
a: Renounce Religion, Channel Magic


You were on level 7 of the Dungeon.
You worshipped Sif Muna.
Sif Muna was aware of your devotion.
You visited 1 branch of the dungeon, and saw 7 of its levels.

You collected 248 gold pieces.

Inventory:

Hand Weapons
 e - a +1 dagger of venom
 p - a +3 flail of holy wrath
 v - the +7 trident of the Bear (weapon) {freeze, rF+ rN+ Str+6 Dex-5}
   (You found it on level 7 of the Dungeon)

   It has been specially enchanted to freeze those struck by it, causing extra
   injury to most foes and up to half again as much damage against particularly
   susceptible opponents.
   It can also slow down cold-blooded creatures.
   Str:       It affects your strength (+6).
   Dex:       It affects your dexterity (-5).
   rF:        It protects you from fire.
   rN:        It protects you from negative energy.
Missiles
 q - a throwing net
 y - 16 poisoned darts
Armour
 a - a +0 robe (worn)
 n - a +0 buckler (worn)
Jewellery
 j - a ring of ice
 m - a +6 ring of strength (left hand)
 u - a ring of magical power (right hand)
Wands
 t - a wand of flame (25)
 x - a wand of iceblast (9)
Scrolls
 d - 2 scrolls of fog {unknown}
 f - 2 scrolls of identify {unknown}
 h - 3 scrolls of teleportation {unknown}
 k - a scroll of amnesia {unknown}
 s - a scroll of magic mapping {unknown}
 w - a scroll of noise {unknown}
Potions
 b - 2 potions of degeneration {unknown}
 c - 2 potions of haste {unknown}
 g - 3 potions of curing {unknown}
 i - a potion of brilliance {unknown}
 l - 3 potions of attraction {unknown}
 o - a potion of invisibility {unknown}
 r - a potion of heal wounds {unknown}


   Skills:
 - Level 3.0 Fighting
 - Level 6.0 Dodging
 - Level 2.0 Stealth
 - Level 4.0 Shields
 - Level 3.0 Spellcasting
 - Level 1.3 Conjurations
 + Level 12.7 Air Magic


You had 6 spell levels left.
You knew the following spells:

 Your Spells              Type           Power      Damage    Failure   Level
a - Shock                 Conj/Air       100%       1d9       1%          1
b - Airstrike             Air            24%        N/A       1%          4
c - Swiftness             Air            48%        N/A       1%          3

Your spell library contained the following spells:

 Spells                   Type           Power      Damage    Failure   Level
 Static Discharge         Conj/Air       28%        N/A       1%          2
 Apportation              Tloc           4%         N/A       16%         1
 Pain                     Necr           8%         1d4       16%         1
 Slow                     Hex            2%         N/A       24%         2
 Confusing Touch          Hex            2%         N/A       43%         3
 Frozen Ramparts          Ice            4%         1d2       43%         3
 Vampiric Draining        Necr           1%         2d6       43%         3
 Ice Form                 Ice/Tmut       2%         N/A       85%         4
 Summon Ice Beast         Ice/Summ       2%         N/A       85%         4
 Alistair's Intoxication  Tmut/Pois      1%         N/A       99%         5
 Yara's Violent Unravell  Hex/Tmut       1%         3d3       99%         5
 Invisibility             Hex            1%         N/A       100%        6


Dungeon Overview and Level Annotations

Branches:
Dungeon (7/15)
 Temple: D:4-7

Altars:
Okawaru
Sif Muna
Beogh

Annotations:
D:3 2 transporters, bigjeff5's ghost, amateur GnTm
D:5 3 runed translucent doors, TerrariaFan's ghost, novice MiFi
D:7 1 transporter, Harold; wesbby's ghost, novice MiBe


Innate Abilities, Weirdness & Mutations

You have a beak for a mouth.
You have claws for feet.
Your magical nature lets you fly swiftly and evasively.


Message History

You start resting.
You feel less confused.
Things that are here:
a +0 robe; a +0 dagger; the elf corpse of Dowan
There is a stone staircase leading down here.
You start resting.
Magic restored.
You fly downwards.
Level annotation: 1 transporter, Harold; wesbby's ghost, novice MiBe A kobold comes into view.
It is wielding a +0 dagger.
The kobold shouts!
The shadow imp gestures at you. Pain shoots through your body!
A kobold brigand comes into view.
It is wielding a +0 short sword and quivering poisoned darts.
The kobold moves out of view.
There is a stone staircase leading up here.
Unknown command.
The kobold brigand throws a poisoned dart.
The poisoned dart misses you.
You fly upwards.
There is a stone staircase leading down here.
Unknown command.
You start resting.
HP restored.
Unknown command.
You fly downwards.
Level annotation: 1 transporter, Harold; wesbby's ghost, novice MiBe 2 orcs come into view.
The orc shouts!
The wight hits you with a +2 battleaxe!!
You partially resist.
You feel drained. You block the kobold's attack.
The orc wizard hits you with a +0 dagger.
Harold shouts, "Can you die now?
I had plans for the rest of the day!"
Harold throws a throwing net.
The throwing net hits you.
You become entangled in the net!
The kobold hits you with a +0 dagger. The wight hits you with a +2 battleaxe!
* * * LOW HITPOINT WARNING * * *
The orc wizard gestures at you while chanting.
The puff of flame hits you. You resist.
You die...

## ....# ###### .# ...
....#### #....# ###.#
..##....##.##....#######....##
©#..)......................
##.##.###.o...............
#©...K##.#o##.........#.# l
##.#....[...#.#..(......# .©
#.##..@[..o#.#.#'###.#.# #..
#)##....5.@#.#.#.....#.# ...#
##.#.#...[zK#...#.#.#[#.#
#.W.#.o#
#####(######.......####
.#...#..#
###............#.....
.....#..##
#.....#....#......###
...###..o#
#..........#...#..[.) #
#...#.# #......###.#......###
..........#
#......###.#.#...##
###...).#.# ###'##.#.........#


You could see Harold, a kobold brigand, a wight, an orc wizard, a shadow imp, 2
orcs and a kobold.

Vanquished Creatures
  Maggie (D:6)
  Edmund (D:5)
  Duvessa (D:7)
  A water moccasin (D:7)
  An orc warrior (D:5)
  A sky beast (D:7)
  A necrophage (D:6)
  3 centaurs
  Dowan (D:6)
  A scorpion (D:5)
  9 wights
  2 howler monkeys (D:6)
  A hound (D:4)
  2 orc priests (D:6)
  A bullfrog skeleton (D:6)
  2 jellies (D:6)
  2 centaur skeletons
  4 iguanas
  6 orc wizards
  A hound zombie (D:5)
  6 adders
  3 gnolls (D:2)
  A white imp (D:5)
  An ufetubus (D:5)
  A worm (D:2)
  3 dart slugs
  14 orcs
  8 endoplasms
  6 giant cockroaches
  9 goblins
  7 hobgoblins
  4 jackals (D:1)
  5 kobolds
  3 quokkas
  7 ball pythons
  11 bats
  3 frilled lizards
  3 rats
137 creatures vanquished.

Notes
Turn   | Place    | Note
-------+----------+-------------------------------------------
     0 | D:1      | quinnr the Tengu Air Elementalist began the quest for the
                  | Orb.
     0 | D:1      | Reached XP level 1. HP: 10/10 MP: 4/4
   194 | D:1      | Reached XP level 2. HP: 15/15 MP: 3/6
   316 | D:1      | Reached skill level 5 in Air Magic
   651 | D:1      | Reached XP level 3. HP: 19/19 MP: 3/7
   992 | D:1      | Noticed an eye of devastation
  1014 | D:1      | Found a faded altar of an unknown god.
  1050 | D:1      | Noticed a shining eye
  1050 | D:1      | Noticed a great orb of eyes
  1050 | D:1      | Noticed a great orb of eyes
  1657 | D:2      | Reached skill level 6 in Air Magic
  1911 | D:2      | Reached XP level 4. HP: 24/24 MP: 2/8
  2131 | D:2      | Reached skill level 7 in Air Magic
  2917 | D:3      | Gained mutation: Your magical nature lets you fly swiftly
                  | and evasively. [Tengu growth]
  2917 | D:3      | Reached XP level 5. HP: 28/28 MP: 6/9
  2957 | D:3      | Found a transporter.
  2962 | D:3      | Noticed a phantom
  2973 | D:3      | Found a transporter.
  2974 | D:3      | Noticed bigjeff5's ghost (amateur GnTm)
  3473 | D:3      | Found a shimmering blue altar of Sif Muna.
  3654 | D:3      | Reached skill level 8 in Air Magic
  3747 | D:3      | Got Sif Muna's Collected Works on Sinister Secrets
  3813 | D:3      | Became a worshipper of Sif Muna the Loreminder
  4055 | D:4      | Learned a level 4 spell: Airstrike
  4059 | D:4      | Learned a level 3 spell: Swiftness
  4553 | D:4      | Reached XP level 6. HP: 32/32 MP: 4/10
  5149 | D:5      | Entered Level 5 of the Dungeon
  5239 | D:5      | Reached skill level 9 in Air Magic
  5290 | D:5      | HP: 3/32 [centaur (1)]
  5290 | D:5      | HP: 1/32 [centaur (2)]
  5763 | D:5      | Found a runed translucent gate.
  5764 | D:5      | Found a runed translucent gate.
  5764 | D:5      | Noticed TerrariaFan's ghost (novice MiFi)
  5766 | D:5      | Found a runed translucent gate.
  5766 | D:5      | Noticed an orc warrior
  5789 | D:5      | Identified the +0 leather armour of the Realm of Zot {rC+
                  | Will+}
  6333 | D:6      | Noticed Edmund
  6395 | D:5      | Killed Edmund
  6396 | D:5      | Reached skill level 1 in Shields
  6396 | D:5      | Reached XP level 7. HP: 36/36 MP: 4/12
  7408 | D:6      | Reached XP level 8. HP: 41/41 MP: 3/13
  7516 | D:6      | Reached skill level 1 in Fighting
  8199 | D:6      | Reached skill level 10 in Air Magic
  8319 | D:6      | Noticed Maggie
  8506 | D:6      | Killed Maggie
  8507 | D:6      | Reached skill level 11 in Air Magic
  8631 | D:6      | Reached * piety under Sif Muna
  8646 | D:6      | Found an iron altar of Okawaru.
  8859 | D:7      | Identified the +7 trident of the Bear {freeze, rF+ rN+
                  | Str+6 Dex-5}
  8913 | D:7      | Noticed Duvessa
  8913 | D:7      | Noticed Dowan
  8937 | D:7      | Killed Duvessa
  8938 | D:7      | Reached XP level 9. HP: 46/50 MP: 0/14
  9145 | D:7      | Reached skill level 5 in Dodging
  9145 | D:7      | Reached skill level 12 in Air Magic
  9429 | D:7      | Found a transporter.
  9432 | D:7      | Noticed a moth of wrath
  9578 | D:7      | Noticed wesbby's ghost (novice MiBe)
  9601 | D:6      | Killed Dowan
  9651 | D:7      | Noticed Harold
  9766 | D:7      | HP: 4/49 [wight (15)]
  9766 | D:7      | Killed from afar by an orc wizard

Illustrated notes

Levels and vault maps discovered:
D:1:      lemuel_arrival_rhombus, layout_basic,
          hellmonk_ecumenical_altar_watching_god
D:2:      layout_loops_ring, minmay_puff
D:3:      layout_rooms, led_sif_book, gammafunk_ghost_mausoleum,
          chequers_serial_rivers_small_b
D:4:      layout_loops_corners
D:5:      layout_gridville, biasface_ghost_orc_armoury
D:6:      layout_basic, kennysheep_okawaru_gauntlet, abandoned_shop,
          uniq_edmund, uniq_maggie
D:7:      layout_basic, minmay_temple_entry_water_ring,
          gammafunk_ghost_berserking_beasts, uniq_harold, uniq_duvessa

Skill      XL: |  1  2  3  4  5  6  7  8  9 |
---------------+----------------------------+-----
Air Magic      | 5 6 7 8 9 11 12 | 12.7
Shields        | 1 4 |  4.0
Spellcasting   | 3 |  3.0
Dodging        | 4 6 |  6.0
Fighting       | 3 |  3.0
Stealth        | |  2.0
Conjurations   | |  1.3

Action                   |  1- 3 |  4- 6 |  7- 9 || total
-------------------------+-------+-------+-------++-------
Melee: Unarmed           |     7 |       |       ||     7
       Kick              |     3 |     2 |     2 ||     7
       Peck              |     1 |     3 |     1 ||     5
       Dagger            |     3 |    18 |     2 ||    23
       Flail             |       |       |     5 ||     5
       Trident           |       |       |     3 ||     3
 Cast: Shock             |    85 |   132 |    74 ||   291
       Airstrike         |       |     4 |    53 ||    57
Evoke: Wand              |       |       |     2 ||     2
  Use: Scroll            |       |     3 |       ||     3
Armor: Robe              |     3 |     8 |     1 ||    12
Dodge: Dodged            |    21 |    21 |    27 ||    69
Block: Buckler           |       |     1 |    15 ||    16

Table legend: (Time is in decaauts)
 A = Elapsed time spent in this place.
 B = Non-inter-level travel time spent in this place.
 C = Inter-level travel time spent in this place.
 D = Time resting spent in this place.
 E = Time spent auto-exploring this place.
 F = Levels seen in this place.
 G = Mean time per level.
                   A        B        C        D        E       F      G
               +--------+--------+--------+--------+--------+-----+--------+
         Total |   9467 |   9209 |    258 |   1851 |   6208 |   7 | 1352.4 |
       Dungeon |   9467 |   9209 |    258 |   1851 |   6208 |   7 | 1352.4 |
               +--------+--------+--------+--------+--------+-----+--------+

Top non-repeatable levels by time:
     D:5: 2215 daAuts
     D:6: 1576 daAuts
     D:2: 1469 daAuts
     D:1: 1428 daAuts
     D:3: 1064 daAuts
     D:4: 1049 daAuts
     D:7: 664 daAuts
